 Dungeon Crawl Stone Soup version 0.30-a0-313-gae38170b09 (webtiles) character file.

Game seed: 7538586219895259746

73 ragingrage the Sneak (level 4, 0/24 HPs)
             Began as a Vampire Enchanter on Oct 26, 2022.
             Slain by an adder (2 damage)
             ... on level 3 of the Dungeon.
             The game lasted 00:02:30 (2242 turns).

ragingrage the Sneak (Vampire Enchanter)            Turns: 2242, Time: 00:02:31

Health: 0/24       AC:  2    Str:  7    XL:     4   Next: 8%
Magic:  1/7        EV: 12    Int: 17    God:
Gold:   52         SH:  0    Dex: 16    Spells: 4/7 levels left

rFire   + . .      SeeInvis +    e - +0 short sword
rCold   + . .      Faith    .    (no shield)
rNeg    + + +      Spirit   .    b - +0 robe
rPois   ∞          Reflect  .    (no helmet)
rElec   .          Harm     .    (no cloak)
rCorr   .          Rampage  .    (no gloves)
Will    .....                    (no boots)
Stlth   +++++.....               r - amulet of regeneration
HPRegen 0.00/turn                q - ring of fire
MPRegen 0.10/turn                (no ring)

@: bloodless, inhibited regen
A: bloodless, fangs 3, see invisible, vampiric 2
a: Bat Form, Revivify


You were on level 3 of the Dungeon.
You visited 1 branch of the dungeon, and saw 3 of its levels.

You collected 52 gold pieces.

Inventory:

Hand Weapons
 a - a +1 dagger
 e - a +0 short sword (weapon)
 m - the +8 war axe "Amiocoud" {freeze, rCorr}
   (You found it on level 2 of the Dungeon)

   It freezes those it strikes, dealing additional cold damage.
   It can also slow down cold-blooded creatures.
   rCorr:     It protects you from acid and corrosion.
Missiles
 k - 5 poisoned darts (quivered)
 o - 3 atropa-tipped darts
Armour
 b - a +0 robe (worn)
Jewellery
 q - a ring of fire (left hand)
 r - an amulet of regeneration (around neck)
Scrolls
 d - 3 scrolls of identify {unknown}
 f - 2 scrolls of acquirement {unknown}
 g - 3 scrolls of teleportation {unknown}
 h - a scroll of enchant weapon {unknown}
 i - 2 scrolls of magic mapping {unknown}
 n - a scroll of enchant armour {unknown}
Potions
 c - 2 potions of invisibility
 j - a potion of degeneration {unknown}
 l - a potion of flight {unknown}
 p - a potion of brilliance {unknown}


   Skills:
 + Level 2.5 Short Blades
 - Level 2.1 Dodging
 + Level 5.7 Stealth
 - Level 2.0 Spellcasting
 + Level 5.5 Hexes


You had 4 spell levels left.
You knew the following spells:

 Your Spells              Type           Power      Damage    Failure   Level
a - Ensorcelled Hibernat  Hex/Ice        22%        N/A       10%         2
b - Slow                  Hex            80%        N/A       1%          1

Your spell library contained the following spells:

 Spells                   Type           Power      Damage    Failure   Level
 Confusing Touch          Hex            20%        N/A       6%          3
 Tukima's Dance           Hex            20%        N/A       6%          3
 Dazzling Flash           Conj/Hex       22%        N/A       19%         3
 Vampiric Draining        Necr           1%         2d6       50%         3


Dungeon Overview and Level Annotations

Branches:
Dungeon (3/15)

Altars:
Dithmenos


Innate Abilities, Weirdness & Mutations

You do not regenerate when monsters are visible.
You are frail without blood (-20% HP).
You can heal yourself when you bite living creatures.
You are immune to poison.
You have razor-sharp teeth.
You have supernaturally acute eyesight. (SInv)
You are afflicted with vampirism and can become a bat while bloodless.


Message History

You hit the orc.
The orc is moderately wounded.
The orc closely misses you.
You hit the orc.
The orc is severely wounded.
The orc closely misses you.
You hit the orc but do no damage. You bite the orc, but do no damage.
The orc is severely wounded.
You barely miss the orc.
The orc is severely wounded.
The orc hits you with a +0 mace.
You hit the orc but do no damage. Your bite misses the orc.
The orc is severely wounded.
The orc hits you with a +0 mace.
You barely miss the orc. You bite the orc, but do no damage.
The orc is severely wounded.
The orc misses you.
You hit the orc.
You kill the orc!
The adder barely misses you.
You miss the adder. The adder bites you.
* * * LOW HITPOINT WARNING * * *
You hit the adder.
The adder is lightly wounded.
The adder bites you.
* * * LOW HITPOINT WARNING * * *
You hit the adder.
The adder is moderately wounded.
The adder misses you.
You hit the adder.
The adder is moderately wounded.
The adder closely misses you.
Casting: Ensorcelled Hibernation (safe; 10% risk of failure)
Confirm with . or Enter, or press ? or * to list all spells.
Aiming: Ensorcelled Hibernation (safe; 10% risk of failure)
Press: ? - help, Shift-Dir - straight line, f/p - adder
Aim: an adder (moderately wounded, chance to affect: 53%)
The adder resists with significant effort.
The adder bites you but does no damage. The adder bites you.
You die...

........#..).##.####.#
...##....
........#..####.# #.#
._.#...
...######.......# #.#
..##..# .... ##.######
#.## ##...# .... #.#
#..## ....# .... ..#
#...# #.?# ###
##.#.###.#
#####........###
#.@Sg..###....†#
#....##...# #...#.#
#...#. #...###...#.#
##. #.###........#.# #
#.........#.##..
#.>...?.....# ##
########.#### ...
.....


You could see an adder and a goblin.

Vanquished Creatures
  2 adders
  3 worms (D:2)
  2 dart slugs
  An orc (D:3)
  3 endoplasms
  3 giant cockroaches
  A goblin (D:1)
  4 hobgoblins
  4 jackals (D:1)
  3 quokkas (D:1)
  4 ball pythons
  2 bats
  4 frilled lizards
  3 kobolds (D:3)
  3 rats (D:2)
42 creatures vanquished.

Notes
Turn   | Place    | Note
-------+----------+-------------------------------------------
     0 | D:1      | ragingrage the Vampire Enchanter began the quest for the
                  | Orb.
     0 | D:1      | Reached XP level 1. HP: 13/13 MP: 3/3
   114 | D:1      | Reached XP level 2. HP: 14/19 MP: 5/5
   128 | D:1      | Learned a level 2 spell: Ensorcelled Hibernation
   310 | D:1      | Reached skill level 5 in Stealth
   472 | D:1      | Learned a level 1 spell: Slow
   892 | D:2      | Reached skill level 5 in Hexes
  1061 | D:2      | Identified the +8 war axe "Amiocoud" {freeze, rCorr}
  1124 | D:2      | Gained mutation: You are afflicted with vampirism and can
                  | become a bat while bloodless. [Vampire growth]
  1124 | D:2      | Reached XP level 3. HP: 21/24 MP: 6/6
  1984 | D:3      | Reached XP level 4. HP: 23/24 MP: 1/7
  2212 | D:3      | Found a shadowy altar of Dithmenos.
  2242 | D:3      | Slain by an adder

Illustrated notes

Levels and vault maps discovered:
D:1:      matt_arrival_refuge, layout_loops_ring
D:2:      layout_basic, minmay_misc_feat_cross, hangedman_feature_mirror
D:3:      layout_loops_cross, nicolae_dithmenos_through_a_glass_darkly,
          palyth_stone_intersect, uniq_crazy_yiuf_cottage

Skill      XL: |  1  2 |
---------------+-------+-----
Stealth        | 5 |  5.7
Short Blades   | 2 |  2.5
Hexes          | 5 |  5.5
Dodging        | |  2.1
Spellcasting   | |  2.0

Action                   |  1- 3 |  4- 6 || total
-------------------------+-------+-------++-------
Melee: Short sword       |   108 |    16 ||   124
       Bite              |    12 |     3 ||    15
       Punch             |     1 |       ||     1
 Cast: Ensorcelled Hiber |    14 |     4 ||    18
 Abil: Exsanguinate      |     1 |       ||     1
 Stab: Sleeping          |    16 |     3 ||    19
Armor: Robe              |    12 |     2 ||    14
Dodge: Dodged            |    59 |    15 ||    74

Table legend: (Time is in decaauts)
 A = Elapsed time spent in this place.
 B = Non-inter-level travel time spent in this place.
 C = Inter-level travel time spent in this place.
 D = Time resting spent in this place.
 E = Time spent auto-exploring this place.
 F = Levels seen in this place.
 G = Mean time per level.
                   A        B        C        D        E       F      G
               +--------+--------+--------+--------+--------+-----+--------+
         Total |   2226 |   2139 |     87 |    273 |   1454 |   3 |  742.0 |
       Dungeon |   2226 |   2139 |     87 |    273 |   1454 |   3 |  742.0 |
               +--------+--------+--------+--------+--------+-----+--------+

Top non-repeatable levels by time:
     D:2: 961 daAuts
     D:1: 862 daAuts
     D:3: 402 daAuts
